 Dungeon Crawl Stone Soup version 0.31-a0-876-gfe8ebadbca (webtiles) character file.

Game seed: 11463104774515901075

202 croobank the Sneak (level 5, -2/34 HPs)
             Began as an Octopode Fire Elementalist on Oct 13, 2023.
             Was an Initiate of Gozag.
             Slain by a centaur zombie (4 damage)
             ... in an ossuary.
             The game lasted 00:07:35 (3086 turns).

croobank the Sneak (Octopode Fire Elementalist)     Turns: 3086, Time: 00:07:36

Health: -2/34      AC:  1    Str:  7    XL:     5   Next: 80%
Magic:  2/9        EV: 13    Int: 19    God:    Gozag
Gold:   104        SH:  0    Dex: 13    Spells: 5/9 levels left

rFire   . . .        q - +7 staff of the Meek {protect, meekguard}
rCold   + . .        (shield currently unavailable)
rNeg    + . .        (helmet restricted)
rPois   .            (no amulet)
rElec   .            j - ring of protection from cold
rCorr   .            p - ring of positive energy
SInv    .            (no ring)
Will    .....        (no ring)
Stlth   ++++         (no ring)
HPRegen 0.25/turn    (no ring)
MPRegen 0.11/turn    (no ring)
                     (no ring)

%: no passive effects
@: very slightly contaminated
A: almost no armour, amphibious, 8 rings, camouflage 1, gelatinous body 1,
(nimble swimmer 1), tentacles
a: Renounce Religion, Potion Petition, Call Merchant, Bribe Branch


You were in an ossuary.
You worshipped Gozag.
Gozag was aware of your devotion.
You visited 2 branches of the dungeon, and saw 5 of its levels.
You also visited: Ossuary.

You collected 160 gold pieces.
You paid 56 gold pieces to Gozag.

Inventory:

Hand Weapons
 c - a +0 dagger
 k - a +0 short sword
 n - a +0 trident
 q - the +7 staff of the Meek (weapon) {protect, meekguard}
   (You found it on level 3 of the Dungeon)
 r - a +2 spear of venom
 s - a +1 hand axe of flaming
Missiles
 g - 3 poisoned darts
Jewellery
 j - a ring of protection from cold (left tentacle)
 l - a ring of fire
 p - a ring of positive energy (right tentacle)
Scrolls
 b - 4 scrolls of identify
 f - a scroll of enchant weapon
Potions
 a - a potion of magic
 m - a potion of might


   Skills:
 + Level 1.7 Fighting
 + Level 2.9 Dodging
 + Level 4.2 Stealth
 + Level 2.7 Spellcasting
 + Level 2.3 Conjurations
 + Level 3.6 Fire Magic


You had 5 spell levels left.
You knew the following spells:

 Your Spells              Type           Power      Damage    Failure   Level
a - Foxfire               Conj/Fire      56%        2x1d6     4%          1
b - Scorch                Fire           32%        2d6       5%          2
c - Slow                  Hex            8%         N/A       16%         1

Your spell library contained the following spells:

 Spells                   Type           Power      Damage    Failure   Level
 Inner Flame              Hex/Fire       9%         N/A       22%         3
 Volatile Blastmotes      Fire/Tloc      18%        2d11      22%         3
 Flame Wave               Conj/Fire      14%        2d6       41%         4
 Confusing Touch          Hex            2%         N/A       43%         3
 Sigil of Binding         Hex            2%         N/A       43%         3
 Vampiric Draining        Necr           2%         2d6       43%         3


Dungeon Overview and Level Annotations

Branches:
Dungeon (4/15)             Temple (1/1) D:4         Ossuary (1/1)

Altars:
Ashenzari
Dithmenos
Fedhas
Gozag
Kikubaaqudgha
Makhleb
Nemelex Xobeh
Qazlal
Ru
Sif Muna
Trog
Uskayaw
Vehumet
Wu Jian
Xom
The Shining One

Shops:
D:2 :


Innate Abilities, Weirdness & Mutations

You cannot wear most types of armour.
You are amphibious.
You can wear up to eight rings at the same time.
Your skin changes colour to match your surroundings (Stealth+).
Your rubbery body absorbs attacks. (AC +1, EV +1)
((You are camouflaged when in or above water. (Stealth+)))
You have tentacles for arms and can constrict up to eight enemies at once.


Message History

The centaur zombie kicks you but does no damage.
The mummy hits you!
Casting: Scorch (safe; 5% risk of failure)
Confirm with . or Enter, or press ? or * to list all spells.
You miscast Foxfire.
You are very lightly contaminated with residual magic.
Nothing appears to happen.
The centaur zombie barely misses you. The centaur zombie kicks you.
The centaur zombie completely misses you.
The centaur zombie kicks you. The mummy hits you.
The centaur zombie attacks as it pursues you!
The centaur zombie hits you.
* * * LOW HITPOINT WARNING * * *
The centaur zombie kicks you.
* * * LOW HITPOINT WARNING * * *
A mummy comes into view.
The centaur zombie is no longer more vulnerable to fire.
The mummy is no longer more vulnerable to fire.
The centaur zombie hits you.
* * * LOW HITPOINT WARNING * * *
The centaur zombie closely misses you.
Casting: Foxfire (safe; 4% risk of failure)
Confirm with . or Enter, or press ? or * to list all spells.
Flames lash the centaur zombie.
The centaur zombie is heavily damaged.
The centaur zombie's fire resistance burns away.
The centaur zombie hits you.
* * * LOW HITPOINT WARNING * * *
The centaur zombie barely misses you.
A mummy comes into view.
Okay, then.
Okay, then.
Throw: throwing net
Press: ? - help, Q - select action, (/) - cycle Shift-Dir - straight line, f/p - mummy
Aim: a mummy (lightly damaged, 70% to hit)
You throw a throwing net.
The throwing net barely misses the mummy.
The centaur zombie hits you.
You die...
Your body crumbles into a pile of gold.

##### #
#∩..#M+
#.Z.M.#
#@.M#...#
##### ~##
.# #


You could see 3 mummies and a centaur zombie (combustible).

Vanquished Creatures
  A black bear (D:4)
  An orc priest (D:3)
  An adder (D:3)
  5 dart slugs
  An orc (D:3)
  4 bats
  4 endoplasms
  A giant cockroach (D:1)
  5 goblins
  6 hobgoblins
  7 jackals
  3 quokkas (D:1)
  6 ball pythons
  4 frilled lizards
  6 kobolds
  2 rats (D:1)
57 creatures vanquished.

Vanquished Creatures (others)
  55 foxfires
55 creatures vanquished.

Grand Total: 112 creatures vanquished

Notes
Turn   | Place    | Note
-------+----------+-------------------------------------------
     0 | D:1      | croobank the Octopode Fire Elementalist began the quest for
                  | the Orb.
     0 | D:1      | Reached XP level 1. HP: 11/11 MP: 3/3
   142 | D:1      | Reached XP level 2. HP: 17/17 MP: 0/5
   206 | D:1      | Reached skill level 3 in Stealth
   311 | D:1      | Learned a level 2 spell: Scorch
   397 | D:1      | Reached XP level 3. HP: 18/22 MP: 0/6
   545 | D:1      | Found a faded altar of an unknown god.
  1278 | D:2      | Found a sparkling altar of Nemelex Xobeh.
  1304 | D:2      | Found Enutat's Book Shoppe.
  1380 | D:2      | Reached skill level 1 in Fighting
  2013 | D:3      | Reached XP level 4. HP: 28/28 MP: 7/7
  2057 | D:3      | Found the +7 staff of the Meek {protect, meekguard}
  2418 | D:3      | Found a bloodstained altar of Trog.
  2822 | D:4      | Noticed a black bear
  2844 | D:4      | Killed a black bear
  2845 | D:4      | Reached skill level 4 in Stealth
  2845 | D:4      | Reached XP level 5. HP: 27/34 MP: 7/9
  2924 | D:4      | Found a staircase to the Ecumenical Temple.
  2937 | Temple   | Entered the Ecumenical Temple
  2989 | Temple   | Became a worshipper of Gozag Ym Sagoz the Greedy
  3053 | D:4      | Found a sand-covered staircase.
  3073 | Ossuary  | Entered an ossuary
  3076 | Ossuary  | Learned a level 1 spell: Slow
  3085 | Ossuary  | HP: 1/34 [centaur zombie (2)]
  3086 | Ossuary  | Slain by a centaur zombie

Illustrated notes

Levels and vault maps discovered:
D:1:      mainiacjoe_arrival_reflecting_pool, layout_rooms,
          hellmonk_ecumenical_altar_defaced_shrine, minmay_pentomino_s4
D:2:      layout_basic, basic_altar, serial_shops, shop
D:3:      layout_basic, mainiacjoe_overflow_cross_hatched,
          pf_guarded_unrand_meek
D:4:      layout_cave_pods, minitemple, minmay_temple_entry_mist,
          chequers_ossuary_entry_cave, uniq_edmund
Temple:   regret_index_temple_waves
Ossuary:  ossuary_zaba_flooded

Skill      XL: |  1  2  3  4 |
---------------+-------------+-----
Stealth        | 3 4 |  4.2
Fighting       | 1 |  1.7
Conjurations   | 2 |  2.3
Dodging        | |  2.9
Spellcasting   | |  2.7
Fire Magic     | |  3.6

Action                     |  1- 3 |  4- 6 || total
---------------------------+-------+-------++-------
  Melee: Unarmed           |     4 |       ||     4
         Dagger            |    58 |     4 ||    62
         Tentacles         |    10 |     4 ||    14
         Constrict         |    10 |     4 ||    14
         Quarterstaff      |       |    24 ||    24
  Throw: Throwing net      |       |     1 ||     1
   Cast: Foxfire           |    32 |       ||    32
         Scorch            |     5 |     3 ||     8
         Slow              |       |     1 ||     1
    Use: Scroll            |       |     6 ||     6
   Stab: Sleeping          |    13 |     5 ||    18
 Armour: Skin              |    35 |    26 ||    61
  Dodge: Dodged            |    65 |    22 ||    87

Table legend: (Time is in decaauts)
 A = Elapsed time spent in this place.
 B = Non-inter-level travel time spent in this place.
 C = Inter-level travel time spent in this place.
 D = Time resting spent in this place.
 E = Time spent auto-exploring this place.
 F = Levels seen in this place.
 G = Mean time per level.
                   A        B        C        D        E       F      G
               +--------+--------+--------+--------+--------+-----+--------+
         Total |   3091 |   2853 |    238 |    369 |   1912 |   6 |  515.2 |
       Dungeon |   2973 |   2838 |    135 |    369 |   1912 |   4 |  743.2 |
        Temple |    104 |      1 |    103 |      0 |      0 |   1 |  104.0 |
       Ossuary |     13 |     13 |      0 |      0 |      0 |   1 |   13.0 |
               +--------+--------+--------+--------+--------+-----+--------+

Top non-repeatable levels by time:
     D:2: 1122 daAuts
     D:1: 874 daAuts
     D:3: 844 daAuts
     D:4: 132 daAuts
  Temple: 104 daAuts
 Ossuary: 13 daAuts
